 Dungeon Crawl Stone Soup version 0.31.0 (webtiles) character file.

Game seed: 17563922950134014428

8432 apoch the Basher (level 11, -8/72 HPs)
             Began as a Gargoyle Monk on Jan 19, 2024.
             Was a High Priest of Okawaru.
             Shot with an arrow by a centaur warrior (12 damage)
             ... on level 10 of the Dungeon.
             The game lasted 00:22:38 (9500 turns).

apoch the Basher (Gargoyle Monk)                    Turns: 9500, Time: 00:22:39

Health: -8/72      AC: 22    Str: 18    XL:     11   Next: 30%
Magic:  11/11      EV: 12    Int: 12    God:    Okawaru [*****.]
Gold:   412        SH:  5    Dex: 18    Spells: 10/10 levels left

rFire   . . .        C - +1 whip (freeze)
rCold   . . .        d - orb {light}
rNeg    + . .        h - +0 scale mail
rPois   ∞            A - +2 helmet
rElec   +            (no cloak)
rCorr   .            l - +0 pair of gloves
SInv    .            F - +0 pair of boots
Will    .....        w - amulet of reflection Stlth
                     k - +6 ring of dexterity
HPRegen 0.32/turn    p - +4 ring of slaying
MPRegen 0.12/turn

%: reflection
@: glowing
A: sickness immunity, AC +8, negative energy resistance 1, electricity
resistance, torment resistance 1, petrification resistance
a: Renounce Religion, Heroism, Finesse, Duel


You were on level 10 of the Dungeon.
You worshipped Okawaru.
Okawaru was extremely pleased with you.
You visited 1 branch of the dungeon, and saw 10 of its levels.
You also visited: Ossuary.

You collected 412 gold pieces.

Inventory:

Hand Weapons
 a - a +1 mace of freezing
 C - a +1 whip of freezing (weapon)
 D - a +0 morningstar
Missiles
 f - 40 poisoned darts
 s - 4 javelins (quivered)
 t - 53 stones
 y - 3 boomerangs
 H - 6 curare-tipped darts
Armour
 d - an orb of light (worn)
 h - a +0 scale mail (worn)
 l - a +0 pair of gloves (worn)
 A - a +2 helmet (worn)
 F - a +0 pair of boots (worn)
Jewellery
 k - a +6 ring of dexterity (left hand)
 p - a +4 ring of slaying (right hand)
 q - a +6 ring of intelligence
 v - a ring of willpower
 w - an amulet of reflection (around neck)
 z - an amulet of magic regeneration
 I - a ring of magical power
Wands
 J - a wand of paralysis (13)
Scrolls
 c - a scroll of enchant weapon
 i - 3 scrolls of enchant armour
 n - 5 scrolls of teleportation
 o - 2 scrolls of brand weapon
 r - 2 scrolls of fear
 E - 7 scrolls of identify
 G - a scroll of fog
 K - a scroll of immolation
 L - a scroll of amnesia {unknown}
Potions
 b - 2 potions of lignification
 e - a potion of heal wounds
 g - 3 potions of mutation
 j - 2 potions of enlightenment
 m - 4 potions of brilliance
 u - 5 potions of curing
 x - 2 potions of ambrosia
 B - 3 potions of magic


   Skills:
 - Level 10.0 Fighting
 - Level 12.0 Maces & Flails
 + Level 8.8 Armour
 - Level 5.0 Dodging


You had 10 spell levels left.
You didn't know any spells.
Your spell library contained the following spells:

 Spells                   Type           Power      Damage    Failure   Level
 Slow                     Hex            0%         N/A       65%         1
 Confusing Touch          Hex            0%         N/A       95%         3
 Sigil of Binding         Hex            0%         N/A       95%         3
 Vampiric Draining        Necr           0%         2d6       95%         3
 Vhi's Electric Charge    Tloc/Air       0%         N/A       100%        4
 Arcjolt                  Conj/Air       0%         1d10      100%        5
 Borgnjor's Vile Clutch   Necr/Erth      0%         N/A       100%        5
 Plasma Beam              Fire/Air       0%         2x1d10    100%        6
 Animate Dead             Necr           Unusable   N/A       N/A         4
 Death Channel            Necr           Unusable   N/A       N/A         6

Dungeon Overview and Level Annotations

Branches:
Dungeon (10/15)            Temple (0/1) D:6            Lair (0/5) D:8
    Orc (0/2) D:9         Ossuary (visited)

Altars:
Ashenzari
Cheibriados
Fedhas
Gozag
Kikubaaqudgha
Okawaru
Qazlal
Ru
Trog
Uskayaw
Yredelemnul
Zin

Shops:
D:1 =   D:5 [


Innate Abilities, Weirdness & Mutations

You are immune to sickness and miasma.
Your stone body is resilient. (AC +8)
You are immune to poison.
You resist negative energy. (rN+)
You are resistant to electric shocks. (rElec)
You are resistant to unholy torment.
You are immune to petrification.


Message History

You are no longer corroded.
You start resting.
Magic restored.
You start resting.
HP restored.
You open the door.
An acid dragon, a white ugly thing and an ogre mage come into view.
The acid dragon roars!
The white ugly thing gurgles horribly!
The ogre mage shouts!
A centaur warrior comes into view.
The ogre mage gestures wildly while chanting.
The ogre mage flickers and vanishes!
Deactivating autopickup; reactivate with Ctrl-A.
You hear a shout!
Found 14 gold pieces, 6 stones and a scroll of fog.
You throw a javelin. The centaur warrior shouts!
The javelin pierces through the acid dragon.
The acid dragon is lightly wounded.
The centaur warrior wields a +0 orcbow.
The centaur warrior shoots an arrow.
The arrow hits you!
The centaur warrior shoots an arrow.
The arrow hits you!!
An orc wizard comes into view. It is wielding a +0 dagger.
You close the door.
A centaur warrior opens the door.
The centaur warrior shoots an arrow.
The arrow closely misses you.
The centaur warrior shoots an arrow.
The arrow hits you!
There is an open door, spattered with blood here.
Things that are here:
a +0 giant spiked club; a +0 giant spiked club The centaur warrior shoots an arrow.
The arrow hits you!
* * * LOW HITPOINT WARNING * * *
You close the door, pushing everything out of the way.
You see here a +0 giant spiked club.
Something unseen breaks down the door.
There is an open door here.
The centaur warrior shoots an arrow.
The arrow hits you.
* * * LOW HITPOINT WARNING * * *
There is an open door here.
The centaur warrior shoots an arrow.
The arrow hits you!
You die...

#........# #.#
#....#### #.#
+.......####.#
####.......#.#
##'##..#.#.#
#8.8#<.....#
#8)8#####..#
#8.8#.#.#..#
+..@'..###.#
##8##...##>#
#########c##.#
#.......#..#.#
#.⌠...⌠.#..#.#
#..⌠....#c.#.#
+...⌠...'.##[#
#....⌠..####.#
#.⌠...⌠.# #.#


You could see a centaur warrior.

Vanquished Creatures
  3 two-headed ogres
  A centaur warrior (D:8)
  Joseph (D:8)
  Maggie (D:7)
  A hornet (D:7)
  2 trolls (D:9)
  Grinder (D:4)
  A shadow (D:10)
  A vampire (D:10)
  A wyvern (D:9)
  6 yaks (D:10)
  An acid dragon (D:10)
  3 water moccasins
  2 orc warriors
  An ice beast (D:6)
  4 black bears
  3 centaurs
  The ghost of DaftaChap the Insei, an amateur OpSh (D:3)
  A kobold brigand (D:8)
  A weeping skull (D:5)
  A scorpion (D:6)
  5 bullfrogs
  A gnoll sergeant (D:9)
  3 wights (D:9)
  A bombardier beetle (D:3)
  A howler monkey (D:8)
  3 hounds
  2 human zombies (Ossuary)
  A gnoll bouda (D:6)
  2 orc priests
  4 jellies
  4 iguanas
  Jessica (D:2)
  8 orc wizards
  Natasha (thrice) (D:2)
  6 hound zombies (Ossuary)
  2 mummies (Ossuary)
  Robin (D:3)
  15 gnolls
  9 adders
  5 adder zombies (Ossuary)
  4 dart slugs
  2 ribbon worms
  34 orcs
  6 ball pythons
  6 bats
  6 endoplasms
  2 giant cockroaches
  19 goblins
  7 hobgoblins
  11 kobolds
  2 quokkas
  8 gnoll zombies (Ossuary)
  2 goblin zombies (D:5)
  9 jackal zombies (Ossuary)
  6 kobold zombies (Ossuary)
  An orc zombie (Ossuary)
  5 rats
  A spectral orc (D:5)
245 creatures vanquished.

Vanquished Creatures (others)
  An orc (D:10)
1 creature vanquished.

Grand Total: 246 creatures vanquished

Notes
Turn   | Place    | Note
-------+----------+-------------------------------------------
     0 | D:1      | apoch the Gargoyle Monk began the quest for the Orb.
     0 | D:1      | Reached XP level 1. HP: 14/14 MP: 1/1
     5 | D:1      | Found Xur Bok's Jewellery Shoppe.
   207 | D:1      | Reached XP level 2. HP: 19/19 MP: 2/2
   754 | D:2      | Noticed Natasha
   766 | D:2      | Killed Natasha
   767 | D:2      | Reached XP level 3. HP: 4/24 MP: 3/3
  1069 | D:2      | Reached XP level 4. HP: 29/29 MP: 4/4
  1324 | D:2      | Noticed Natasha
  1325 | D:2      | Noticed Jessica
  1347 | D:2      | Killed Natasha
  1358 | D:2      | Reached XP level 5. HP: 27/34 MP: 5/5
  1362 | D:2      | Killed Jessica
  1363 | D:2      | Reached skill level 4 in Maces & Flails
  1497 | D:2      | Noticed Natasha
  1501 | D:2      | Killed Natasha
  1960 | D:3      | Reached skill level 5 in Fighting
  1960 | D:3      | Reached XP level 6. HP: 40/40 MP: 6/6
  2043 | D:3      | Found a runed translucent door.
  2056 | D:3      | Noticed DaftaChap's ghost (amateur OpSh)
  2084 | D:3      | Killed DaftaChap's ghost
  2241 | D:3      | Noticed Robin
  2251 | D:3      | Killed Robin
  2258 | D:3      | HP: 2/40 [goblin/+0 dagger[Robin] (2)]
  2487 | D:3      | Found an iron altar of Okawaru.
  2542 | D:3      | Became a worshipper of Warmaster Okawaru
  2542 | D:3      | Reached * piety under Okawaru
  2542 | D:3      | Reached ** piety under Okawaru
  2809 | D:4      | Reached skill level 5 in Maces & Flails
  2809 | D:4      | Reached XP level 7. HP: 44/44 MP: 7/7
  3017 | D:4      | Found a glowing silver altar of Zin.
  3360 | D:4      | Noticed Grinder
  3368 | D:4      | Paralysed by Grinder for 2 turns
  3373 | D:4      | Killed Grinder
  3551 | D:5      | Entered Level 5 of the Dungeon
  3624 | D:5      | Reached XP level 8. HP: 29/52 MP: 8/8
  3626 | D:5      | Found a sand-covered staircase.
  3652 | Ossuary  | Entered an ossuary
  3818 | Ossuary  | Reached skill level 5 in Dodging
  3851 | Ossuary  | Reached skill level 6 in Maces & Flails
  4196 | D:5      | Found a sacrificial altar of Ru.
  4260 | D:5      | Found Guyhousch's Antique Armour Boutique.
  4336 | D:5      | Found a broken altar of Ashenzari.
  4521 | D:5      | Found a stormy altar of Qazlal.
  4642 | D:5      | Found a basalt altar of Yredelemnul.
  4756 | D:6      | Reached skill level 7 in Maces & Flails
  5005 | D:6      | Reached *** piety under Okawaru
  5026 | D:6      | Reached XP level 9. HP: 40/60 MP: 9/9
  5372 | D:6      | Reached skill level 8 in Maces & Flails
  5384 | D:6      | Found a staircase to the Ecumenical Temple.
  6069 | D:7      | Found a snail-covered altar of Cheibriados.
  6086 | D:7      | Found a hide-covered altar of Uskayaw.
  6257 | D:7      | Noticed a two-headed ogre
  6271 | D:7      | Killed a two-headed ogre
  6271 | D:7      | Reached **** piety under Okawaru
  6272 | D:7      | Reached skill level 10 in Fighting
  6272 | D:7      | Reached skill level 9 in Maces & Flails
  6487 | D:7      | Noticed a hornet
  6493 | D:7      | Killed a hornet
  6494 | D:7      | Reached skill level 10 in Maces & Flails
  6494 | D:7      | Reached XP level 10. HP: 64/68 MP: 10/10
  6532 | D:7      | Found an ancient bone altar of Kikubaaqudgha.
  7013 | D:7      | Found a bloodstained altar of Trog.
  7094 | D:7      | Noticed Maggie
  7106 | D:7      | Killed Maggie
  7106 | D:7      | Reached ***** piety under Okawaru
  7308 | D:8      | Found a staircase to the Lair.
  7347 | D:8      | Noticed Joseph
  7357 | D:8      | Killed Joseph
  7358 | D:8      | Reached skill level 11 in Maces & Flails
  7435 | D:8      | Noticed a centaur warrior
  7451 | D:8      | Killed a centaur warrior
  7897 | D:8      | Identified the +0 spear of Juirowny {heavy, Dex+5}
  7953 | D:8      | Reached skill level 12 in Maces & Flails
  8114 | D:9      | Reached skill level 1 in Armour
  8310 | D:9      | Found a blossoming altar of Fedhas.
  8359 | D:9      | Noticed a two-headed ogre
  8367 | D:9      | Killed a two-headed ogre
  8445 | D:9      | Found an opulent altar of Gozag.
  8469 | D:9      | Reached skill level 5 in Armour
  8615 | D:9      | Received a gift from Okawaru
  8768 | D:9      | Reached XP level 11. HP: 65/72 MP: 11/11
  8828 | D:9      | Found a staircase to the Orcish Mines.
  9020 | D:10     | Entered Level 10 of the Dungeon
  9326 | D:10     | Noticed a two-headed ogre
  9339 | D:10     | Killed a two-headed ogre
  9485 | D:10     | Noticed a white ugly thing
  9485 | D:10     | Noticed an ogre mage
  9485 | D:10     | Noticed a centaur warrior
  9497 | D:10     | HP: 3/72 [centaur warrior/arrow (6)]
  9500 | D:10     | Shot with an arrow by a centaur warrior

Illustrated notes

Levels and vault maps discovered:
D:1:      minmay_arrival_solitary_statue, layout_basic, serial_shops,
          nicolae_shop_advertising_works [nicolae_subvault_shop_adworks]
D:2:      layout_basic, minmay_circled_x, uniq_jessica, uniq_natasha
D:3:      minmay_inner_zag, layout_basic, okawaru_trees_1,
          ebering_ghost_sewer_d, hangedman_decor_growths, uniq_robin
D:4:      layout_rooms, mainiacjoe_overflow_paths, dk_noncrumbling_2,
          due_unseen_surprise, uniq_grinder
D:5:      layout_loops_ring, nicolae_qazlal_scattered_showers,
          yredelemnul_forgotten_temple_becter, nicolae_overflow_hidden_temple,
          mainiacjoe_overflow_catwalk, serial_shops, nicolae_diamond_shop,
          enter_ossuary_4
D:6:      layout_basic, temple_hall, nicolae_zig_zag_zippers
D:7:      layout_layer_cave, mainiacjoe_overflow_brackets,
          mainiacjoe_overflow_cross_hatched, mainiacjoe_overflow_catch_the_wave,
          uniq_maggie
D:8:      layout_cave_pools, lair_entry_dummy, uniq_joseph
D:9:      layout_stronghold, nicolae_gozag_seed_capital, lemuel_tele_altar,
          orc_0_dummy
D:10:     minmay_chambers_of_sevens, layout_basic, fiery_altar_vehumet

Skill      XL: |  1  2  3  4  5  6  7  8  9 10 11 |
---------------+----------------------------------+-----
Fighting       | 4 5 6 8 10 | 10.0
Dodging        | 3 4 5 |  5.0
Maces & Flails | 4 5 7 10 12 | 12.0
Armour         | 6 8 |  8.8

Action                     |  1- 3 |  4- 6 |  7- 9 | 10-12 || total
---------------------------+-------+-------+-------+-------++-------
  Melee: Mace              |    56 |   139 |   237 |       ||   432
         Whip              |       |       |   117 |   215 ||   332
  Throw: Javelin           |       |     9 |    31 |    18 ||    58
 Invoke: Heroism           |       |       |     2 |     2 ||     4
         Finesse           |       |       |       |     1 ||     1
    Use: Potion            |       |     1 |       |     1 ||     2
         Scroll            |       |       |    19 |     2 ||    21
 Armour: Leather armour    |    42 |    37 |       |       ||    79
         Scale mail        |       |   106 |   280 |   129 ||   515
  Dodge: Dodged            |    34 |    98 |   223 |   111 ||   466
